AA - U28
PORTLAND SEA DOGS @ HALIFAX FRIGATES
04/26/2052
 
TOP OF THE 1ST
Lincoln Bighorns batting - Pitching for Halifax Frigates : RHP Elias Pearce
Pitching: RHP Elias Pearce
Batting: LHB Joe Keller 0-0: Ball
1-0: Reached on error, E4 (Groundball, 4M, EV 108.1 MPH)
Batting: RHB James Parks 0-0: Called Strike
0-1: Fly out, F8 (Line Drive, 8LD, EV 92.5 MPH)
Batting: LHB Lucas Cloutier 0-0: Called Strike
0-1: Ball
1-1: Fly out, F7 (Line Drive, 7, EV 102.5 MPH)
Batting: RHB Ivory Moore 0-0: Foul Ball, location: 2F
0-1: Foul Ball, location: 2F
0-2: Strikes out looking
Top of the 1st over - 0 runs, 0 hits, 1 error, 1 left on base; Lincoln 0 - Halifax 0
BOTTOM OF THE 1ST
Halifax Frigates batting - Pitching for Lincoln Bighorns : RHP Roy Crawley
Pitching: RHP Roy Crawley
Batting: LHB Tito Elliott 0-0: Ball
1-0: Ball
2-0: Fly out, F9 (Flyball, 89D, EV 91.9 MPH)
Batting: LHB Finnegan Hill 0-0: Ball
1-0: Ball
2-0: Foul Ball, location: 2F
2-1: Foul Ball, location: 2F
2-2: Ball
3-2: Base on Balls
Batting: LHB Stedman Reaves 0-0: Ball
1-0: Foul Ball, location: 2F
1-1: Ball
2-1: Ball
3-1: Base on Balls
Finnegan Hill to second
Batting: RHB Miles Gentz 0-0: Called Strike
0-1: Foul Ball, location: 2F
0-2: 3-RUN HOME RUN (Flyball, 7D, EV 98.1 MPH), Distance : 375 ft
Batting: LHB Rex Bahr 0-0: Foul Ball, location: 2F
0-1: Called Strike
0-2: Ball
1-2: Foul Ball, location: 2F
1-2: Strikes out swinging
Batting: RHB Brodie Fisher 0-0: Ball
1-0: Ball
2-0: Called Strike
2-1: Swinging Strike
2-2: Foul Ball, location: 2F
2-2: Ball
3-2: Base on Balls
Batting: LHB Ruben Juarez 0-0: Ball
1-0: Fly out, F8 (Flyball, 89S, EV 84.4 MPH)
Bottom of the 1st over - 3 runs, 1 hit, 0 errors, 1 left on base; Lincoln 0 - Halifax 3
TOP OF THE 2ND
Lincoln Bighorns batting - Pitching for Halifax Frigates : RHP Elias Pearce
Batting: RHB Giovanni West 0-0: Swinging Strike
0-1: Ball
1-1: Foul Ball, location: 2F
1-2: Foul Ball, location: 2F
1-2: Ball
2-2: Ground out 1-3 (Groundball, 15S, EV 70.0 MPH)
Batting: LHB Rueben Rice 0-0: Hit by Pitch
Batting: RHB Ezra Goodwin 0-0: Foul Ball, location: 2F
0-1: Ball
1-1: Ball
2-1: Ball
3-1: Called Strike
3-2: Foul Ball, location: 2F
3-2: Foul Ball, location: 2F
3-2: Strikes out looking
Batting: RHB Cooper McCaughey 0-0: Called Strike
0-1: Ball
1-1: Ball
2-1: Foul Ball, location: 2F
2-2: SINGLE (Groundball, 6, EV 96.2 MPH)
Rueben Rice to second
Batting: RHB Josh Goris 0-0: Called Strike
0-1: Fly out, F4 (Line Drive, 4, EV 65.6 MPH)
Top of the 2nd over - 0 runs, 1 hit, 0 errors, 2 left on base; Lincoln 0 - Halifax 3
BOTTOM OF THE 2ND
Halifax Frigates batting - Pitching for Lincoln Bighorns : RHP Roy Crawley
Batting: RHB Franklin Arellano 0-0: Ground out 1-3 (Groundball, 13, EV 71.2 MPH)
Batting: RHB Adryão Maarico 0-0: Ball
1-0: Called Strike
1-1: Called Strike
1-2: Reached on error, E6 (Groundball, 6, EV 90.0 MPH)
Batting: LHB Tito Elliott 0-0: Ball
1-0: Called Strike
1-1: Ball
2-1: Swinging Strike
2-2: Foul Ball, location: 2F
2-2: Fly out, F8 (Flyball, 8RS, EV 89.4 MPH)
Batting: LHB Finnegan Hill 0-0: Ball
1-0: Fielders Choice at 2nd, 6-4 (Groundball, 6, EV 88.8 MPH)
Bottom of the 2nd over - 0 runs, 0 hits, 1 error, 1 left on base; Lincoln 0 - Halifax 3
TOP OF THE 3RD
Lincoln Bighorns batting - Pitching for Halifax Frigates : RHP Elias Pearce
Batting: LHB Joe Keller 0-0: Ball
1-0: Swinging Strike
1-1: Ground out 4-3 (Groundball, 4, EV 107.5 MPH)
Batting: RHB James Parks 0-0: Ball
1-0: Foul Ball, location: 2F
1-1: Swinging Strike
1-2: Strikes out swinging, 2-3 out at first.
Batting: LHB Lucas Cloutier 0-0: Called Strike
0-1: Swinging Strike
0-2: Fly out, F8 (Flyball, 8RXD, EV 101.9 MPH)
Top of the 3rd over - 0 runs, 0 hits, 0 errors, 0 left on base; Lincoln 0 - Halifax 3
BOTTOM OF THE 3RD
Halifax Frigates batting - Pitching for Lincoln Bighorns : RHP Roy Crawley
Batting: LHB Stedman Reaves 0-0: Foul Ball, location: 2F
0-1: SOLO HOME RUN (Line Drive, 78XD, EV 102.5 MPH), Distance : 418 ft
Batting: RHB Miles Gentz 0-0: Called Strike
0-1: Called Strike
0-2: Foul Ball, location: 2F
0-2: Ball
1-2: Fly out, F7 (Line Drive, 78M, EV 97.5 MPH)
Batting: LHB Rex Bahr 0-0: Foul Ball, location: 2F
0-1: Ball
1-1: Swinging Strike
1-2: Foul Ball, location: 2F
1-2: Foul Ball, location: 2F
1-2: TRIPLE (Line Drive, 89XD, EV 97.5 MPH)
Batting: RHB Brodie Fisher 0-0: Ball
1-0: Ball
2-0: Fly out, F6 (Popup, 6D, EV 68.8 MPH)
Batting: LHB Ruben Juarez 0-0: Swinging Strike
0-1: Ball
1-1: Foul Ball, location: 2F
1-2: Ball
2-2: DOUBLE (Flyball, 8LD, EV 101.2 MPH)
Rex Bahr scores
Batting: RHB Franklin Arellano 0-0: Called Strike
0-1: Ball
1-1: Ball
2-1: Ground out 5-3 (Groundball, 5S, EV 71.9 MPH)
Bottom of the 3rd over - 2 runs, 3 hits, 0 errors, 1 left on base; Lincoln 0 - Halifax 5
TOP OF THE 4TH
Lincoln Bighorns batting - Pitching for Halifax Frigates : RHP Elias Pearce
Batting: RHB Ivory Moore 0-0: Ball
1-0: Foul Ball, location: 2F
1-1: Called Strike
1-2: Ball
2-2: Ball
3-2: Foul Ball, location: 2F
3-2: Base on Balls
Batting: RHB Giovanni West 0-0: Ball
1-0: SINGLE (Groundball, 25, EV 76.9 MPH) (infield hit)
Ivory Moore to second
Batting: LHB Rueben Rice 0-0: Swinging Strike
0-1: Called Strike
0-2: Foul Ball, location: 2F
0-2: Fly out, F7 (Flyball, 7LM, EV 105.0 MPH)
Batting: RHB Ezra Goodwin 0-0: Called Strike
0-1: Ball
1-1: Swinging Strike
1-2: Strikes out swinging
Batting: RHB Cooper McCaughey 0-0: Ball
1-0: Ball
2-0: Swinging Strike
2-1: Foul Ball, location: 2F
2-2: DOUBLE (Flyball, 7LD, EV 110.0 MPH)
Ivory Moore scores
Giovanni West to third
Batting: RHB Josh Goris 0-0: Ball
1-0: Fly out, F4 (Popup, 34S, EV 81.9 MPH)
Top of the 4th over - 1 run, 2 hits, 0 errors, 2 left on base; Lincoln 1 - Halifax 5
BOTTOM OF THE 4TH
Halifax Frigates batting - Pitching for Lincoln Bighorns : RHP Roy Crawley
Batting: RHB Adryão Maarico 0-0: Swinging Strike
0-1: Ball
1-1: Foul Ball, location: 2F
1-2: SINGLE (Groundball, 56D, EV 100.0 MPH)
Batting: LHB Tito Elliott 0-0: Ball
1-0: Ball
2-0: Foul Ball, location: 2F
2-1: Foul Ball, location: 2F
2-2: Ball
3-2: Fielders Choice at 2nd, 5-4 (Groundball, 56, EV 90.6 MPH)
Batting: LHB Finnegan Hill 0-0: Ball
1-0: Swinging Strike
1-1: Ball
2-1: Fielders Choice at 2nd, 4-6 (Groundball, 4M, EV 100.6 MPH)
Batting: LHB Stedman Reaves 0-0: Ball
1-0: Ball
2-0: Foul Ball, location: 2F
2-1: Ground out 4-3 (Groundball, 4, EV 110.6 MPH)
Bottom of the 4th over - 0 runs, 1 hit, 0 errors, 1 left on base; Lincoln 1 - Halifax 5
TOP OF THE 5TH
Lincoln Bighorns batting - Pitching for Halifax Frigates : RHP Elias Pearce
Batting: LHB Joe Keller 0-0: Called Strike
0-1: Swinging Strike
0-2: Fly out, F7 (Flyball, 78D, EV 95.6 MPH)
Batting: RHB James Parks 0-0: Called Strike
0-1: Ground out 6-3 (Groundball, 6, EV 103.1 MPH)
Batting: LHB Lucas Cloutier 0-0: Fly out, F8 (Flyball, 8LM, EV 85.0 MPH)
Top of the 5th over - 0 runs, 0 hits, 0 errors, 0 left on base; Lincoln 1 - Halifax 5
BOTTOM OF THE 5TH
Halifax Frigates batting - Pitching for Lincoln Bighorns : RHP Roy Crawley
Batting: RHB Miles Gentz 0-0: Called Strike
0-1: Ball
1-1: Ball
2-1: Foul Ball, location: 2F
2-2: Strikes out looking
Batting: LHB Rex Bahr 0-0: Ball
1-0: Called Strike
1-1: Foul Ball, location: 2F
1-2: SINGLE (Line Drive, 3D, EV 106.9 MPH)
Pitching: RHP Adelbert De Anda
Batting: RHB Brodie Fisher 0-0: Ball
1-0: Called Strike
1-1: Ball
2-1: Ball
3-1: Base on Balls
Rex Bahr to second
Batting: LHB Ruben Juarez 0-0: SINGLE (Groundball, 25, EV 65.6 MPH) (infield hit)
Rex Bahr to third
Brodie Fisher to second
Batting: RHB Franklin Arellano 0-0: Swinging Strike
0-1: Swinging Strike
0-2: SINGLE (Line Drive, 4D, EV 103.8 MPH)
Rex Bahr scores
Brodie Fisher to third
Ruben Juarez to second
Batting: RHB Adryão Maarico 0-0: SINGLE (Groundball, 56D, EV 95.0 MPH)
Brodie Fisher scores
Ruben Juarez to third
Franklin Arellano to second
Batting: LHB Tito Elliott 0-0: Ball
1-0: Called Strike
1-1: Ball
2-1: Foul Ball, location: 2F
2-2: Ball
3-2: Base on Balls
Ruben Juarez scores
Franklin Arellano to third
Adryão Maarico to second
Batting: LHB Finnegan Hill 0-0: Ball
1-0: Ball
2-0: SINGLE (Line Drive, 89S, EV 98.1 MPH)
Franklin Arellano scores
Adryão Maarico to third
Tito Elliott to second
Runner from 3rd tries for Home, SAFE, throw by RF to home
Pitching: RHP Jake Rakes
Batting: LHB Stedman Reaves 0-0: Ball
1-0: Ball
2-0: Swinging Strike
2-1: Ball
3-1: Called Strike
3-2: Base on Balls
Tito Elliott to third
Finnegan Hill to second
Batting: RHB Miles Gentz 0-0: Foul Ball, location: 2F
0-1: Fly out, F2 (Popup, 23F, EV 83.8 MPH)
Batting: LHB Rex Bahr 0-0: Foul Ball, location: 2F
0-1: Ball
1-1: Foul Ball, location: 2F
1-2: Foul Ball, location: 2F
1-2: Ball
2-2: Ground out 4-3 (Groundball, 34, EV 110.0 MPH)
Bottom of the 5th over - 5 runs, 5 hits, 0 errors, 3 left on base; Lincoln 1 - Halifax 10
TOP OF THE 6TH
Lincoln Bighorns batting - Pitching for Halifax Frigates : RHP Elias Pearce
Batting: RHB Ivory Moore 0-0: Foul Ball, location: 2F
0-1: Called Strike
0-2: Ball
1-2: Foul Ball, location: 2F
1-2: Ball
2-2: Ball
3-2: Base on Balls
Pitching: LHP Roberto Ybarra
Batting: RHB Giovanni West 0-0: Called Strike
0-1: Ball
1-1: Ball
2-1: Called Strike
2-2: Ball
3-2: SINGLE (Groundball, 6S, EV 61.2 MPH) (infield hit)
Ivory Moore to second
Batting: LHB Rueben Rice 0-0: Foul Ball, location: 2F
0-1: Called Strike
0-2: Ball
1-2: Fly out, F6 (Popup, 6M, EV 55.6 MPH)
Batting: RHB Ezra Goodwin 0-0: Ball
1-0: Called Strike
1-1: Called Strike
1-2: Strikes out swinging
Batting: RHB Cooper McCaughey 0-0: Ball
1-0: Ball
2-0: Ball
3-0: Base on Balls
Ivory Moore to third
Giovanni West to second
Batting: RHB Josh Goris 0-0: Ground out 4-3 (Groundball, 4S, EV 83.1 MPH)
Top of the 6th over - 0 runs, 1 hit, 0 errors, 3 left on base; Lincoln 1 - Halifax 10
BOTTOM OF THE 6TH
Halifax Frigates batting - Pitching for Lincoln Bighorns : RHP Jake Rakes
Batting: RHB Brodie Fisher 0-0: Called Strike
0-1: Ball
1-1: Ball
2-1: Fly out, F4 (Popup, 4, EV 66.9 MPH)
Batting: LHB Ruben Juarez 0-0: Ball
1-0: Swinging Strike
1-1: Foul Ball, location: 2F
1-2: Ball
2-2: Ball
3-2: Base on Balls
Batting: RHB Franklin Arellano 0-0: Called Strike
0-1: Ball
1-1: Called Strike
1-2: Ball
2-2: Ball
3-2: Foul Ball, location: 2F
3-2: Foul Ball, location: 2F
3-2: Base on Balls
Ruben Juarez to second
Batting: RHB Adryão Maarico 0-0: Called Strike
0-1: Foul Ball, location: 2F
0-2: Ball
1-2: Ground out 6-3 (Groundball, 6MS, EV 85.6 MPH)
Ruben Juarez to third
Franklin Arellano to second
Batting: LHB Tito Elliott 0-0: Called Strike
0-1: Ball
Wild Pitch!
Ruben Juarez scores
Franklin Arellano to third
1-1: Swinging Strike
1-2: Ball
2-2: Ball
3-2: Foul Ball, location: 2F
3-2: Foul Ball, location: 2F
3-2: Base on Balls
Batting: LHB Finnegan Hill 0-0: Ball
1-0: Called Strike
1-1: Foul Ball, location: 2F
1-2: SINGLE (Line Drive, 9LM, EV 107.5 MPH)
Franklin Arellano scores
Tito Elliott to second
Batting: LHB Stedman Reaves 0-0: Ball
1-0: Ball
2-0: Ball
3-0: Called Strike
3-1: Called Strike
3-2: Strikes out looking
Bottom of the 6th over - 2 runs, 1 hit, 0 errors, 2 left on base; Lincoln 1 - Halifax 12
TOP OF THE 7TH
Lincoln Bighorns batting - Pitching for Halifax Frigates : LHP Roberto Ybarra
Batting: LHB Joe Keller 0-0: Called Strike
0-1: Foul Ball, location: 2F
0-2: Ball
1-2: Ball
2-2: Foul Ball, location: 2F
2-2: Ball
3-2: Strikes out looking
Batting: RHB James Parks 0-0: Foul Ball, location: 2F
0-1: Swinging Strike
0-2: Ball
1-2: Ball
2-2: Ball
3-2: Ground out 6-3 (Groundball, 4MS, EV 89.4 MPH)
Batting: LHB Lucas Cloutier 0-0: Called Strike
0-1: Ground out 4-3 (Groundball, 4, EV 99.4 MPH)
Top of the 7th over - 0 runs, 0 hits, 0 errors, 0 left on base; Lincoln 1 - Halifax 12
BOTTOM OF THE 7TH
Halifax Frigates batting - Pitching for Lincoln Bighorns : RHP Jake Rakes
Pitching: RHP Wyatt L'Amore
Batting: RHB Miles Gentz 0-0: Fly out, F7 (Flyball, 7, EV 97.5 MPH)
Batting: LHB Rex Bahr 0-0: Swinging Strike
0-1: Foul Ball, location: 2F
0-2: Ball
1-2: Ball
2-2: Ball
3-2: Foul Ball, location: 2F
3-2: SINGLE (Line Drive, 9LS, EV 113.8 MPH)
Batting: RHB Brodie Fisher 0-0: Ball
1-0: Ball
2-0: Called Strike
2-1: Ball
3-1: Foul Ball, location: 2F
3-2: Foul Ball, location: 2F
3-2: Foul Ball, location: 2F
3-2: Foul Ball, location: 2F
3-2: Base on Balls
Rex Bahr to second
Batting: LHB Ruben Juarez 0-0: Ball
1-0: Ball
2-0: Called Strike
2-1: Ball
3-1: Called Strike
3-2: Base on Balls
Rex Bahr to third
Brodie Fisher to second
Batting: RHB Franklin Arellano 0-0: Called Strike
0-1: Ball
1-1: Ground out 6-3 (Groundball, 6D, EV 103.8 MPH)
Rex Bahr scores
Brodie Fisher to third
Ruben Juarez to second
Batting: RHB Adryão Maarico 0-0: Foul Ball, location: 2F
0-1: Foul Ball, location: 2F
0-2: Ball
1-2: Strikes out swinging
Bottom of the 7th over - 1 run, 1 hit, 0 errors, 2 left on base; Lincoln 1 - Halifax 13
TOP OF THE 8TH
Lincoln Bighorns batting - Pitching for Halifax Frigates : LHP Roberto Ybarra
Batting: RHB Ivory Moore 0-0: Ball
1-0: DOUBLE (Line Drive, 78D, EV 103.8 MPH)
Pitching: RHP Miguel Sánchez
Pinch Hitting: RHB Mickael Miller 0-0: Ball
1-0: Called Strike
1-1: SINGLE (Groundball, 6MS, EV 90.6 MPH) (infield hit)
Ivory Moore to third
Batting: LHB Rueben Rice 0-0: Ball
1-0: Called Strike
1-1: 3-RUN HOME RUN (Flyball, 9LD, EV 91.2 MPH), Distance : 333 ft
Pinch Hitting: LHB Harvey Porter 0-0: Fly out, F5 (Popup, 5F, EV 63.8 MPH)
Batting: RHB Cooper McCaughey 0-0: Fly out, F9 (Flyball, 9S, EV 85.6 MPH)
Batting: RHB Josh Goris 0-0: Ground out 4-3 (Groundball, 4S, EV 86.2 MPH)
Top of the 8th over - 3 runs, 3 hits, 0 errors, 0 left on base; Lincoln 4 - Halifax 13
BOTTOM OF THE 8TH
Halifax Frigates batting - Pitching for Lincoln Bighorns : RHP Wyatt L'Amore
Now at 1B: Harvey Porter
Now in RF: Mickael Miller
Batting: LHB Tito Elliott 0-0: Ball
1-0: Ball
2-0: Ball
3-0: Base on Balls
Batting: LHB Finnegan Hill 0-0: Ball
1-0: Foul Ball, location: 2F
1-1: Grounds into double play, 4-6-3 (Groundball, 4, EV 99.4 MPH)
Batting: LHB Stedman Reaves 0-0: SINGLE (Groundball, 4D, EV 101.2 MPH)
Batting: RHB Miles Gentz 0-0: Ball
1-0: Ball
2-0: Ball
Wild Pitch!
Stedman Reaves to second
3-0: Base on Balls
Batting: LHB Rex Bahr 0-0: Called Strike
0-1: Ball
1-1: Ball
2-1: Ball
3-1: Called Strike
3-2: Fly out, F8 (Flyball, 89D, EV 89.4 MPH)
Bottom of the 8th over - 0 runs, 1 hit, 0 errors, 2 left on base; Lincoln 4 - Halifax 13
TOP OF THE 9TH
Lincoln Bighorns batting - Pitching for Halifax Frigates : RHP Miguel Sánchez
Batting: LHB Joe Keller 0-0: Called Strike
0-1: Ball
1-1: Foul Ball, location: 2F
1-2: Strikes out swinging, 2-3 out at first.
Batting: RHB James Parks 0-0: Called Strike
0-1: Swinging Strike
0-2: Strikes out swinging
Batting: LHB Lucas Cloutier 0-0: Called Strike
0-1: Ball
1-1: Ball
2-1: Ball
3-1: Swinging Strike
3-2: Fly out, F8 (Flyball, 8LD, EV 99.4 MPH)
Top of the 9th over - 0 runs, 0 hits, 0 errors, 0 left on base; Lincoln 4 - Halifax 13
Thursday, April 18th , 2024 - OOTP Baseball 24.11 Build 85